Map: Winter's Gate LE

Players

DnS

  • Race: Protoss Protoss
  • Spawn Location: 11:00

ButAlways - Winner!

  • Race: Protoss Protoss
  • Spawn Location: 5:00

VOD

Have the link to the VOD?

Description

Time

  • Played on: Sept. 6, 2019, 7:21 p.m.
  • Length: 7:02
Show
View Real Time Build Order
Export as new Build Order

DnS Protoss 

Build Orders:  

Get SALT Encoding   

  12  0:00  Probe  
  13  0:12  Probe  
  14  0:17  Pylon  
  14  0:24  Probe  
  15  0:32  Probe  
  15  0:36  Gateway  
  15  0:40  Probe  
  16  0:45  Assimilator  
  17  0:51  Probe  
  17  0:53  Assimilator  
  18  1:00  Probe  
  19  1:07  Gateway  
  19  1:08  Probe  
  19  1:17  Probe  
  20  1:23  Cybernetics Core  
  21  1:30  Probe  
  22  1:36  Pylon  
  22  1:42  Probe  
  23  1:54  Probe  
  23  1:59  Stalker x2  
  23  2:00  Warp Gate  
  28  2:09  Pylon  
  28  2:15  Pylon  
  32  2:32  Stargate, Adept  
  30  2:39  Robotics Facility  
  30  2:43  Stalker  
  32  3:02  Shield Battery  
  34  3:06  Sentry  
  36  3:21  Immortal  
  36  3:29  Pylon  
  38  3:41  Nexus  
  38  3:46  Shield Battery  
  38  3:56  Stalker  
  38  4:10  Immortal, Sentry  
  43  4:26  Sentry  
  45  4:43  Observer  
  45  4:52  Probe  
  47  4:53  Probe  
  47  4:56  Stalker x2  
  52  5:02  Shield Battery, Warp Prism  
  52  5:04  Probe  
  55  5:18  Probe  
  55  5:19  Probe  
  57  5:22  Sentry  
  57  5:27  Adept  
  61  5:35  Probe  
  62  5:46  Pylon  
  59  5:59  Immortal, Gateway  
  59  6:12  Adept x2  
  61  6:32  Pylon  
  61  6:35  Stalker x2  
  47  6:59  Adept  
Show
View Real Time Build Order
Export as new Build Order

ButAlways Protoss - Winner!

Build Orders:  

Get SALT Encoding   

  12  0:00  Probe  
  13  0:12  Probe  
  14  0:16  Pylon  
  14  0:24  Probe  
  15  0:34  Gateway, Probe  
  15  0:42  Probe  
  16  0:48  Assimilator  
  17  0:51  Probe  
  17  0:55  Assimilator  
  18  1:00  Probe  
  19  1:07  Gateway  
  19  1:08  Probe  
  19  1:18  Probe  
  20  1:25  Cybernetics Core  
  21  1:30  Probe  
  22  1:34  Pylon  
  22  1:42  Probe  
  23  1:52  Warp Gate  
  18  2:01  Stalker x2  
  27  2:12  Robotics Facility  
  27  2:19  Gateway  
  27  2:31  Stalker  
  27  2:34  Stalker  
  31  2:40  Pylon  
  31  2:48  Warp Prism  
  32  3:09  Probe  
  33  3:19  Pylon  
  33  3:21  Pylon  
  33  3:25  Observer  
  34  3:33  Robotics Bay  
  34  3:41  Stalker x2  
  38  3:53  Immortal  
  42  4:11  Pylon, Stalker  
  44  4:24  Disruptor  
  44  4:32  Pylon  
  44  4:33  Adept  
  44  4:34  Observer  
  49  4:46  Observer  
  49  5:00  Disruptor  
  49  5:02  Adept  
  49  5:05  Pylon  
  54  5:19  Adept x2  
  56  5:23  Adept  
  56  5:26  Pylon  
  58  5:30  Immortal  
  56  5:37  Observer  
  60  5:48  Adept  
  60  5:49  Adept  
  64  6:11  Observer, Immortal  
  57  6:26  Adept x2  
  57  6:27  Adept  
  55  6:47  Adept x3  
Tags
 
Add a new tag
Caveats
  • Supply blocks, unpowered buildings, or Contaminate may cause inaccurate times.
  • Supply counts are checked every 10 seconds.